 Dungeon Crawl Stone Soup version 0.24.1-4-ge52af88ad5 (webtiles) character file.

Game seed: 9147368703274125330, levelgen mode: deterministic

542 Jakon the Archer (level 7, -5/57 HPs)
             Began as a Centaur Hunter on Apr 15, 2020.
             Shot with an arrow by a centaur (10 damage)
             ... on level 5 of the Dungeon.
             The game lasted 00:20:09 (4099 turns).

Jakon the Archer (Centaur Hunter)                   Turns: 4099, Time: 00:20:10

Health: -5/57      AC:  5    Str: 18    XL:     7   Next: 6%
Magic:  7/7        EV:  9    Int: 10    God:
Gold:   138        SH:  0    Dex: 11    Spells: 6/6 levels left

rFire    . . .     SeeInvis .   a - +1 shortbow
rCold    . . .     Gourm    .   (shield currently unavailable)
rNeg     . . .     Faith    .   c - +0 leather armour
rPois    .         Spirit   .   (no helmet)
rElec    .         Reflect  .   o - +0 cloak
rCorr    .         Harm     .   (no gloves)
MR       .....                  (no barding)
Stlth    +.........             t - amulet of rage
HPRegen  0.19/turn              u - +3 ring of strength
MPRegen  0.10/turn              (no ring)

@: invisible, very quick
A: large, hooves 3, deformed body, speed 2, tough skin 3
a: Evoke Berserk Rage


You were on level 5 of the Dungeon.
You were not hungry.

You visited 1 branch of the dungeon, and saw 5 of its levels.

You collected 294 gold pieces.
You spent 156 gold pieces at shops.

Inventory:

Hand Weapons
 a - a +1 shortbow (weapon)
 b - a +2 short sword of speed
Armour
 c - a +0 leather armour (worn)
 o - a +0 cloak (worn)
Magical Staves
 p - an uncursed staff of poison
Jewellery
 t - an amulet of rage (around neck)
 u - a +3 ring of strength (left hand)
Wands
 v - a wand of flame (8)
 x - a wand of polymorph (10)
Scrolls
 e - a scroll of enchant armour
 g - a scroll of teleportation
 h - a scroll of enchant weapon {unknown}
 i - a scroll of magic mapping {unknown}
 j - a scroll of fog {unknown}
 l - a scroll of fear {unknown}
 n - 5 scrolls of amnesia {unknown}
 q - 6 scrolls of remove curse
Potions
 k - a potion of invisibility
 z - a potion of ambrosia
 A - a potion of haste
Comestibles
 f - 7 rations
 w - 3 chunks of flesh


   Skills:
 + Level 3.6 Fighting
 + Level 1.4 Short Blades
 + Level 9.0 Bows
 + Level 1.7 Armour
 + Level 1.8 Dodging
 + Level 0.8 Stealth


You had 6 spell levels left.
You didn't know any spells.
Your spell library was empty.

Dungeon Overview and Level Annotations

Branches:
Dungeon (5/15)
 Temple: D:4-7

Altars:
Dithmenos
Ru

Shops:
D:5 ?


Innate Abilities, Weirdness & Mutations

You have hooves in place of feet.
Armour fits poorly on your strangely shaped body.
You cover ground very quickly.
You have extremely tough skin. (AC +3)


Message History

Press: ? - help, Shift-Dir - straight line, f - centaur
Aim: a centaur, wielding a +0 shortbow (heavily wounded)
You shoot an arrow.
The arrow hits the centaur but does no damage.
The centaur is heavily wounded.
You feel sick.
The centaur shoots an arrow.
The arrow hits you.
* * * LOW HITPOINT WARNING * * *
You see here an arrow.
Firing (i - inventory) No suitable missiles.
Press: ? - help, Shift-Dir - straight line, f/p - centaur
Aim: a centaur, wielding a +0 shortbow (heavily wounded)
Okay, then.
You feel better.
The centaur shoots an arrow.
The arrow hits you!
* * * LOW HITPOINT WARNING * * *
You fade into invisibility!
The centaur shoots an arrow.
The arrow hits you!
* * * LOW HITPOINT WARNING * * *
The centaur shoots an arrow.
The arrow hits you!
You die...

##########
..(......#
.........#
(........#
.......(.# .....
.....((.c##....#
########(###....#
#.......@(......#
#...............#
#...............# .
#...............# ..
#............(..#...
#######.####........
######...#####
#.......# #.......#


You could see a centaur.

Vanquished Creatures
  Grinder (D:4)
  2 hounds (D:3)
  An orc priest (D:3)
  2 orc wizards (D:3)
  An iguana (D:4)
  2 worker ants
  5 adders
  2 oozes
  2 dart slugs
  3 leopard geckos
  9 orcs
  8 bats
  3 giant cockroaches
  7 goblins
  8 hobgoblins
  2 ball pythons (D:4)
  A frilled lizard (D:3)
  8 kobolds
  5 rats
72 creatures vanquished.

Notes
Turn   | Place    | Note
-------+----------+-------------------------------------------
     0 | D:1      | Jakon the Centaur Hunter began the quest for the Orb.
     0 | D:1      | Reached XP level 1. HP: 17/17 MP: 1/1
   130 | D:1      | Reached XP level 2. HP: 22/24 MP: 2/2
   255 | D:1      | Reached skill level 6 in Bows
   424 | D:1      | Reached XP level 3. HP: 29/29 MP: 3/3
  1097 | D:2      | Found a faded altar of an unknown god.
  1603 | D:3      | Reached skill level 7 in Bows
  1603 | D:3      | Reached XP level 4. HP: 29/37 MP: 4/4
  2282 | D:3      | Reached skill level 1 in Armour
  2282 | D:3      | Reached XP level 5. HP: 35/42 MP: 5/5
  2300 | D:3      | Reached skill level 8 in Bows
  3031 | D:4      | Noticed Grinder
  3039 | D:4      | Paralysed by Grinder for 7 turns
  3054 | D:4      | Killed Grinder
  3054 | D:4      | Reached skill level 1 in Short Blades
  3054 | D:4      | Reached XP level 6. HP: 13/51 MP: 6/6
  3581 | D:4      | Reached skill level 9 in Bows
  3694 | D:4      | Found a sacrificial altar of Ru.
  3862 | D:5      | Entered Level 5 of the Dungeon
  3939 | D:5      | Found a shadowy altar of Dithmenos.
  3954 | D:5      | Reached XP level 7. HP: 57/57 MP: 7/7
  4001 | D:5      | Found Facaw's Magic Scroll Emporium.
  4030 | D:5      | Bought a scroll of identify for 24 gold pieces
  4030 | D:5      | Bought a scroll of identify for 24 gold pieces
  4030 | D:5      | Bought a scroll of identify for 24 gold pieces
  4030 | D:5      | Bought a scroll of identify for 24 gold pieces
  4030 | D:5      | Bought a scroll of identify for 24 gold pieces
  4030 | D:5      | Bought a scroll of remove curse for 36 gold pieces
  4099 | D:5      | Shot with an arrow by a centaur

Levels and vault maps discovered:
D:1:      dpeg_arrival_solitude, layout_rooms
D:2:      layout_basic, chequers_ecumenical_altar_island, hangedman_decor_points
D:3:      layout_loops_ring, minmay_ruptured
D:4:      layout_basic, kennysheep_little_box, first_ration, corner_web_ring,
          hangedman_abyss_or_decor_slice, uniq_grinder
D:5:      layout_gridville, basic_altar, serial_shops, shop_coins,
          nicolae_dithmenos_through_a_glass_darkly

Skill      XL: |  1  2  3  4  5  6 |
---------------+-------------------+-----
Bows           | 6 7 8 9 |  9.0
Armour         | 1 |  1.7
Fighting       | 3 |  3.6
Short Blades   | 1 |  1.4
Dodging        | |  1.8
Stealth        | |  0.8

Action                   |  1- 3 |  4- 6 |  7- 9 || total
-------------------------+-------+-------+-------++-------
Melee: Short sword       |       |    26 |     5 ||    31
       Kick              |       |     7 |     1 ||     8
 Fire: Shortbow          |   114 |   111 |     9 ||   234
  Use: Scroll            |       |       |    12 ||    12
       Potion            |       |       |     2 ||     2
  Eat: Chunk             |       |     3 |       ||     3
       Ration            |       |     1 |       ||     1
Armor: Leather armour    |    12 |    16 |     3 ||    31
Dodge: Dodged            |    19 |    18 |    10 ||    47
